 Dungeon Crawl Stone Soup version 0.29.0-4-gdea44cf6ec (webtiles) character file.

Game seed: 17134119904664477305

30 qw the Chopper (level 3, -1/21 HPs)
             Began as a Tengu Warper on Aug 28, 2022.
             Slain by Natasha (5 damage)
             ... on level 2 of the Dungeon.
             The game lasted 00:00:06 (1050 turns).

qw the Chopper (Tengu Warper)                       Turns: 1050, Time: 00:00:07

Health: -1/21      AC:  5    Str: 13    XL:     3   Next: 20%
Magic:  7/7        EV: 11    Int: 13    God:
Gold:   42         SH:  0    Dex: 13    Spells: 6/6 levels left

rFire   . . .      SeeInvis .   Y - +0 hand axe
rCold   . . .      Faith    .   (no shield)
rNeg    . . .      Spirit   .   k - +0 ring mail
rPois   .          Reflect  .   (helmet restricted)
rElec   .          Harm     .   (no cloak)
rCorr   +          Rampage  .   (no gloves)
Will    .....                   (boots unavailable)
Stlth   +.........              (no amulet)
HPRegen 0.07/turn               j - ring of resist corrosion
MPRegen 0.10/turn               (no ring)

@: no status effects
A: beak, talons 3
a: no special abilities


You were on level 2 of the Dungeon.
You visited 1 branch of the dungeon, and saw 2 of its levels.

You collected 42 gold pieces.


Innate Abilities, Weirdness & Mutations

You have a beak for a mouth.
You have claws for feet.


   Skills:
 - Level 2.0 Fighting
 + Level 3.9 Axes
 - Level 1.0 Throwing
 - Level 1.1 Armour
 - Level 2.1 Dodging
 - Level 2.0 Spellcasting
 - Level 2.4 Translocations


You had 6 spell levels left.
You didn't know any spells.
Your spell library contained the following spells:

 Spells                   Type           Power      Damage    Failure   Level
 Blink                    Tloc           14%        N/A       30%         2
 Gell's Gravitas          Tloc           7%         N/A       52%         3
 Lesser Beckoning         Tloc           7%         N/A       52%         3
 Teleport Other           Tloc           7%         N/A       52%         3
 Manifold Assault         Tloc           7%         N/A       99%         5

Inventory:

Hand Weapons
 f - a +0 whip
 Y - a +0 hand axe (weapon)
Armour
 k - a +0 ring mail (worn)
Jewellery
 j - a ring of resist corrosion (left hand)
Potions
 d - 2 potions of curing
 e - a potion of magic {unknown}
 g - a potion of mutation {unknown}
 h - a potion of brilliance {unknown}
 i - a potion of flight {unknown}

Dungeon Overview and Level Annotations

Branches:
Dungeon (2/15)

Altars:

Annotations:
D:2 Natasha


Message History

You hit the worm. You claw the worm.
You kill the worm!
You see here a worm corpse.
Natasha, Servant of Life and Death comes into view.
Found 6 poisoned darts.
Found a stone staircase leading down.
Natasha moves out of view.
A hobgoblin comes into view.
Found a stone staircase leading up.
The hobgoblin shouts!
You hear an angry hiss.
Natasha misses you.
You hit Natasha. You claw Natasha.
Natasha is lightly wounded.
Natasha closely misses you.
You hit Natasha. Your kick misses Natasha.
Natasha is moderately wounded.
An adder comes into view.
Natasha claws you but does no damage.
You barely miss Natasha.
Natasha is moderately wounded.
The adder hisses angrily.
Natasha claws you.
You hit Natasha but do no damage.
Natasha is moderately wounded.
You hit the hobgoblin but do no damage. The hobgoblin hits you.
Natasha claws you. The hobgoblin misses you.
You barely miss Natasha.
Natasha is moderately wounded.
You barely miss the hobgoblin. Natasha claws you.
The hobgoblin barely misses you.
You hit Natasha but do no damage.
Natasha is moderately wounded.
You closely miss the hobgoblin. Natasha casts a spell at you.
You resist with significant effort. The hobgoblin misses you.
Natasha claws you.
You hit Natasha. You claw Natasha!
Natasha is almost dead.
You hit the adder. You barely miss the hobgoblin.
The adder bites you but does no damage. The hobgoblin closely misses you.
The adder bites you. Natasha claws you.
You die...

.... ........
.... .....<#
....... ..>...
...... .....#
......#....#
......#(...#
..[...Shg..# #.#
#@.#
#.###..######
#.%..........
####..##..######
#.....##..#
#.##.###..#
#.##.# #..#
#<##.. ....
#.######..##


You could see Natasha, an adder and a hobgoblin.

Vanquished Creatures
  A worm (D:2)
  2 dart slugs (D:1)
  7 goblins (D:1)
  A hobgoblin (D:1)
  3 jackals (D:1)
  2 kobolds (D:1)
  2 ball pythons (D:1)
  2 bats (D:1)
20 creatures vanquished.

Vanquished Creatures (others)
  A plant (D:1)
1 creature vanquished.

Grand Total: 21 creatures vanquished

Notes
Turn   | Place    | Note
-------+----------+-------------------------------------------
     0 | D:1      | qw the Tengu Warper began the quest for the Orb.
     0 | D:1      | Reached XP level 1. HP: 12/12 MP: 4/4
     0 | D:1      | 0 ||| qw: Version: 0.1-a-89-g26bdef1
     0 | D:1      | 0 ||| qw: Game counter: 3387
     0 | D:1      | 0 ||| qw: Always use a shield: true
     0 | D:1      | 0 ||| qw: God list: Okawaru
     0 | D:1      | 0 ||| qw: Allow faded altars: false
     0 | D:1      | 0 ||| qw: Do Orc after D:15 true
     0 | D:1      | 0 ||| qw: Do second Lair branch before Depths: true
     0 | D:1      | 0 ||| qw: Lair rune preference: random
     0 | D:1      | 0 ||| qw: Plans: Normal
     0 | D:1      | 0 ||| PLANNING D:1-11
    48 | D:1      | Reached skill level 3 in Axes
    48 | D:1      | Reached XP level 2. HP: 17/17 MP: 6/6
    73 | D:1      | 73 ||| Stepping ~*~*~tactically~*~*~ (stealth).
    75 | D:1      | 75 ||| Stepping ~*~*~tactically~*~*~ (stealth).
    93 | D:1      | 93 ||| Stepping ~*~*~tactically~*~*~ (stealth).
    94 | D:1      | 94 ||| Stepping ~*~*~tactically~*~*~ (stealth).
   406 | D:1      | Found a faded altar of an unknown god.
   699 | D:1      | Reached XP level 3. HP: 21/21 MP: 7/7
   708 | D:1      | 708 ||| Stepping ~*~*~tactically~*~*~ (hiding).
   710 | D:1      | 710 ||| Stepping ~*~*~tactically~*~*~ (hiding).
   977 | D:1      | 977 ||| UPGRADING to +0 ring mail.
   987 | D:1      | 987 ||| DROPPING +0 leather armour.
   988 | D:1      | 988 ||| UPGRADING to ring of resist corrosion.
   989 | D:1      | 989 ||| READING scroll labelled JOUD PEUMAXZAL.
   990 | D:1      | 990 ||| DRINKING 3 bubbling orange potions.
   991 | D:1      | 991 ||| DROPPING scroll of blinking.
  1040 | D:2      | Noticed Natasha
  1050 | D:2      | HP: 4/21 [adder (2)]
  1050 | D:2      | Slain by Natasha

Levels and vault maps discovered:
D:1:      minmay_arrival_nine_rooms, layout_basic,
          hellmonk_ecumenical_altar_prayer_group, serial_forest,
          infiniplex_forest_clump_tiny, infiniplex_forest_clump_diagonal,
          infiniplex_forest_zigzag_1, infiniplex_forest_clump_double,
          infiniplex_forest_clump_C, infiniplex_forest_lined_2,
          infiniplex_forest_lined_room_2
D:2:      layout_loops_ring, uniq_natasha

Skill      XL: |  1 |
---------------+----+-----
Axes           | 3 |  3.9
Fighting       | |  2.0
Throwing       | |  1.0
Armour         | |  1.1
Dodging        | |  2.1
Spellcasting   | |  2.0
Translocations | |  2.4

Action                   || total
-------------------------++-------
Melee: Hand axe          ||    43
       Peck              ||     5
       Kick              ||    10
Throw: Boomerang         ||     7
  Use: Scroll            ||     1
       Potion            ||     1
Armor: Leather armour    ||     8
       Ring mail         ||     2
Dodge: Dodged            ||    30

Table legend:
 A = Non-vault XP
 B = Vault XP
 C = Vault XP percentage of total XP
 D = Non-vault monster count
 E = Vault monster count
 F = Vault count percentage of total count
                 A         B        C        D         E       F
            +---------+---------+-------+---------+---------+-------
      Total |      40 |       4 |   9.1 |      18 |       2 |  10.0
            +---------+---------+-------+---------+---------+-------
        D:1 |      35 |       4 |  10.3 |      17 |       2 |  10.5
        D:2 |       5 |       0 |   0.0 |       1 |       0 |   0.0
            +---------+---------+-------+---------+---------+-------
